[Event "Early-Titled-Tuesday-Blitz-May-14-2024"]
[Site "Chess.com"]
[Date "2024.05.14"]
[Round "4"]
[White "baki83"]
[Black "Pomegranate988"]
[Result "1-0"]
[WhiteElo "2945"]
[BlackElo "2642"]
[TimeControl "180+1"]
[EndTime "8:40:38 PDT"]
[Termination "baki83 won by checkmate"]

1. e4 c6 2. Nf3 d5 3. Nc3 g6 4.
d4 Bg7 5. h3 Nh6 6. Bd3 O-O 7.
O-O f6 8. Re1 Nf7 9. e5 b6 10.
e6 Nd6 11. Qe2 a5 12. Bf4 Na6 13. a3 Nc7 14. Qd2 Nxe6 15. Bh6 Rf7 16. Re2 Nc7 17.
Rae1 e6 18. Bxg7 Kxg7 19. h4 c5 20. Re3 cxd4 21. Nxd4 e5 22. Nc6 Qd7 23. Nxe5 fxe5 24. Rxe5 Nc4 25. Bxc4 dxc4 26. Qg5 Qg4 27. Ne4 h6 28.
Qe3 Qf4 29. Qd4 Kh7 30. g3 Qf3 31. Re3 Qg4 32. Nf6+ Rxf6 33. Re7+ Kg8 34. Qxf6 Ne6 35. Qf7+ Kh8 36. Qh7# 1-0

[Event "Early-Titled-Tuesday-Blitz-May-14-2024"]
[Site "Chess.com"]
[Date "2024.05.14"]
[Round "4"]
[White "frederiksvane"]
[Black "AradNazari"]
[Result "1-0"]
[WhiteElo "2979"]
[BlackElo "2808"]
[TimeControl "180+1"]
[EndTime "8:40:40 PDT"]
[Termination "frederiksvane won by checkmate"]

1. c4 c5 2. g3 g6 3. Bg2 Bg7 4. Nc3 e5 5. d3 Ne7 6. Nf3 O-O 7. Bg5 Nbc6 8. O-O h6 9. Bxe7 Nxe7 10. Ne1 a6 11.
Rb1 d6 12. Nc2 Ra7 13. b4 b6 14. a4 Be6 15. Ne3 f5 16. Ned5 Bxd5 17. Nxd5 Nxd5 18. Bxd5+ Kh7 19. Qb3 h5 20. bxc5 bxc5 21. Qb6 Qe7 22. Bb7 Rxb7 23. Qxb7 Qf6 24. Qxa6 h4 25. Qc6 Kh6 26. a5 e4 27. dxe4 f4 28. Qd5 fxg3 29. fxg3 Qc3 30. Rxf8 Bxf8 31. Rd1 Kh7 32. Qd3 Qxa5 33.
gxh4 Qa8 34. h5 Bg7 35. hxg6+ Kh8 36. Qxd6 Bd4+ 37. Rxd4 cxd4 38. Qf6+ Kg8 39. Qf7+ Kh8 40. Qh7# 1-0

[Event "Early-Titled-Tuesday-Blitz-May-14-2024"]
[Site "Chess.com"]
[Date "2024.05.14"]
[Round "4"]
[White "Der_Balak_3Halak"]
[Black "Dedic8"]
[Result "0-1"]
[WhiteElo "2396"]
[BlackElo "2900"]
[TimeControl "180+1"]
[EndTime "8:40:40 PDT"]
[Termination "Dedic8 won by resignation"]

1. e4 e5 2. Nf3 Nc6 3. Bb5 a6 4.
Bxc6 dxc6 5. h3 Qf6 6. O-O Ne7 7. d4 exd4 8. Qxd4 Qxd4 9. Nxd4 Ng6 10. Be3 Bd7 11. Nd2 O-O-O 12. f4 f6 13. Rad1 h5 14. N2f3 Re8 15. Nd2 Bd6 16. Rde1 c5 17. Nf5 Bxf5 18. exf5 Ne7 19. g4 hxg4 20. hxg4 Nd5 21. Nc4 Rh4 22.
Kg2 Rxg4+ 23. Kh3 Nxe3 24. Rxe3 Rxe3+ 25. Nxe3 Rxf4 26. Rxf4 Bxf4 27. Nd5 Bc1 28. b3 Kd7 29. Kg4 b5 30. Kh5 Kd6 31. Nc3 Ke5 32. Kg6 c6 33. a4 Bd2 34. Ne2 Bh6 35. Ng3 c4 36. axb5 cxb5 37. b4 Bd2 38. Kxg7 Bxb4 39. Kg6 a5 40.
Nh5 Be7 41. Kf7 Bd8 42. Ke8 Bb6 43. Ke7 a4 44. Nxf6 Bd8+ 45. Kxd8 Kxf6 0-1

[Event "Early-Titled-Tuesday-Blitz-May-14-2024"]
[Site "Chess.com"]
[Date "2024.05.14"]
[Round "4"]
[White "ChessSwole"]
[Black "NewYearGirl"]
[Result "0-1"]
[WhiteElo "2596"]
[BlackElo "2396"]
[TimeControl "180+1"]
[EndTime "8:40:40 PDT"]
[Termination "NewYearGirl won by checkmate"]

1. d4 Nf6 2. c4 c5 3. d5 b5 4. cxb5 a6 5. bxa6 e6 6. Nc3 Bxa6 7. Nf3 exd5 8. Nxd5 Be7 9. g3 Nxd5 10. Qxd5 Nc6 11.
Bg2 Nb4 12. Qd1 O-O 13. a3 Bb5 14. O-O Nc6 15. Bf4 d5 16. Ne5 Nd4 17. e3 Ne2+ 18. Kh1 Nxf4 19. gxf4 d4 20. Rg1 Ra6 21. Qb3 Be2 22. Bd5 Rf6 23. Rae1 d3 24. Nxd3 c4 25. Qxc4 Bh5 26. Ne5 Rh6 27. Rg3 Bh4 28. Rg2 Bf6 29. Reg1 Bxe5 30. fxe5 g6 31. Qd4 Qc8 32. Rg5 Qh3 33. Qe4 Bf3+ 34. Qxf3 Qxh2# 0-1

[Event "Early-Titled-Tuesday-Blitz-May-14-2024"]
[Site "Chess.com"]
[Date "2024.05.14"]
[Round "4"]
[White "aljado"]
[Black "sterpfi"]
[Result "1/2-1/2"]
[WhiteElo "2146"]
[BlackElo "2328"]
[TimeControl "180+1"]
[EndTime "8:40:40 PDT"]
[Termination "Game drawn by agreement"]

1. e4 e6 2. d4 d5 3. exd5 exd5 4. c4 Nf6 5. Nc3 Bd6 6. c5 Be7 7. Nf3 O-O 8. Bd3 b6 9. cxb6 axb6 10. O-O c5 11.
Re1 Nc6 12. Bg5 h6 13. Bh4 Nxd4 14. Nxd4 cxd4 15. Nb5 Ne4 16. Bxe7 Qxe7 17. f3 Qb4 18.
fxe4 dxe4 19. Rxe4 Qxb2 20. Rb1 Qxa2 21. Rxd4 Bb7 22.
Qg4 Kh8 23. Qg3 Bc6 24. Nc3 Qd2 25. Ne4 Bxe4 26. Rxe4 Ra3 27. Re3 Rd8 28. Qe1 Qxe1+ 29. Rexe1 Raxd3 30. Rxb6 Rd1 31. Kf2 Rxe1 32. Kxe1 g5 33.
Rxh6+ Kg7 34. Ra6 f6 1/2-1/2

[Event "Early-Titled-Tuesday-Blitz-May-14-2024"]
[Site "Chess.com"]
[Date "2024.05.14"]
[Round "4"]
[White "ubdip"]
[Black "Gumugama"]
[Result "0-1"]
[WhiteElo "2457"]
[BlackElo "2274"]
[TimeControl "180+1"]
[EndTime "8:40:41 PDT"]
[Termination "Gumugama won by resignation"]

1. c4 Nf6 2. Nc3 g6 3. e4 d6 4. g3 c5 5. Bg2 Nc6 6. Nge2 Bg7 7. O-O O-O 8. a3 a6 9. Rb1 Rb8 10. b4 cxb4 11. axb4 b5 12. cxb5 axb5 13. d4 e5 14. d5 Nd4 15. Nxd4 exd4 16. Ne2 Bg4 17. f3 Qb6 18. Kh1 Bd7 19. Bb2 Ra8 20. Bxd4 Qb7 21. Ra1 Rxa1 22. Qxa1 Ra8 23. Qb2 Ne8 24. Bxg7 Nxg7 25.
Rc1 Ne8 26. Bf1 f5 27. Nd4 fxe4 28. fxe4 Ra4 29. Nc6 Qa8 30. Qf2 Ra2 31. Qf4 Qa3 32. Ne7+ Kg7 33. e5 Qb2 34. g4 dxe5 0-1

[Event "Early-Titled-Tuesday-Blitz-May-14-2024"]
[Site "Chess.com"]
[Date "2024.05.14"]
[Round "4"]
[White "Nouali_Mohamed"]
[Black "aa175"]
[Result "1-0"]
[WhiteElo "2570"]
[BlackElo "2704"]
[TimeControl "180+1"]
[EndTime "8:40:42 PDT"]
[Termination "Nouali_Mohamed won on time"]

1. e4 e5 2. Bc4 Nf6 3. Nc3 Nxe4 4. Qh5 Nd6 5. Bb3 Be7 6. Nf3 Nc6 7. Nxe5 Nxe5 8.
Qxe5 O-O 9. O-O Bf6 10. Qf4 Re8 11. d4 h6 12. Nd5 Bg5 13. Qf3 c6 14. Bxg5 hxg5 15.
Ne3 Qf6 16. Qh5 a5 17. Ng4 Qf5 18. a4 Re4 19. f3 Rxd4 20. Rae1 b5 21. Re5 Qf4 22.
Rxg5 bxa4 23. Qh6 Ne8 24. Re1 Rd1 25. Rxd1 axb3 26. Re1 1-0

[Event "Early-Titled-Tuesday-Blitz-May-14-2024"]
[Site "Chess.com"]
[Date "2024.05.14"]
[Round "4"]
[White "SAInt_666"]
[Black "hikaruchija"]
[Result "1-0"]
[WhiteElo "2791"]
[BlackElo "2593"]
[TimeControl "180+1"]
[EndTime "8:40:43 PDT"]
[Termination "SAInt_666 won on time"]

1. e4 c5 2. Nf3 e6 3. c3 Nf6 4. e5 Nd5 5. Bc4 d6 6. d4 cxd4 7. cxd4 Be7 8. O-O Bd7 9. Qe2 Bc6 10.
Nc3 Nxc3 11. bxc3 O-O 12. exd6 Bxd6 13. Ne5 Bxe5 14. Qxe5 Nd7 15. Qg3 Rc8 16. Bd3 Re8 17. Bh6 g6 18. c4 Qf6 19. Be3 a6 20. a4 h5 21. h4 Nb6 22. a5 Na4 23. d5 exd5 24.
cxd5 Bd7 25. Rac1 Nc3 26. d6 Bf5 27. Bg5 Qd4 28. Rcd1 Nxd1 29. Bxf5 Rc3 30. d7 Rf8 31. Qf4 Qd5 32. Bf6 Rc4 33. Qh6 1-0

[Event "Early-Titled-Tuesday-Blitz-May-14-2024"]
[Site "Chess.com"]
[Date "2024.05.14"]
[Round "4"]
[White "Shuvalov"]
[Black "th3d4rkness"]
[Result "1-0"]
[WhiteElo "2560"]
[BlackElo "2182"]
[TimeControl "180+1"]
[EndTime "8:40:43 PDT"]
[Termination "Shuvalov won on time"]

1. d4 Nf6 2. c4 g6 3. Nc3 d5 4. Nf3 Bg7 5. Qb3 dxc4 6. Qxc4 O-O 7. e4 a6 8. Be2 b5 9. Qb3 Be6 10. Qc2 Bg4 11. Be3 Nfd7 12. Rd1 Nc6 13. Nd5 Ndb8 14.
O-O e6 15. Nxc7 Qxc7 16. d5 exd5 17. exd5 Bf5 18. Qc1 Rc8 19. dxc6 Qxc6 20. Nd4 Qxc1 21. Rxc1 Nd7 22. Bf3 Rxc1 23. Rxc1 Re8 24. Nxf5 gxf5 25. b3 Ne5 26. Bb7 a5 27. Rc8 Rxc8 28. Bxc8 a4 29. Bxf5 axb3 30. axb3 Bf8 31. Kf1 Nc6 32. Bd7 Na5 33.
Bxb5 Nxb3 34. Ke2 Nc5 35. g4 Ne6 36. Bc4 1-0

[Event "Early-Titled-Tuesday-Blitz-May-14-2024"]
[Site "Chess.com"]
[Date "2024.05.14"]
[Round "4"]
[White "Sosat98"]
[Black "kanzaww"]
[Result "1-0"]
[WhiteElo "2756"]
[BlackElo "2488"]
[TimeControl "180+1"]
[EndTime "8:40:44 PDT"]
[Termination "Sosat98 won on time"]

1. e4 e5 2. Nf3 Nc6 3. Bb5 a6 4. Ba4 Nf6 5. O-O Be7 6. d3 b5 7.
Bb3 O-O 8. a4 b4 9. a5 d6 10.
Nbd2 Rb8 11. h3 h6 12. Nc4 Bd7 13. Re1 Re8 14. Ba4 Bf8 15. c3 Ne7 16. Bxd7 Qxd7 17. d4 Qc6 18. dxe5 Qxc4 19. exf6 Ng6 20. fxg7 Bxg7 21.
Nd2 Qc6 22. cxb4 Rxb4 23. Ra3 Bxb2 24. Bxb2 Rxb2 25. Rg3 Qb5 26. Nf3 Kh7 27. Qc1 Rxe4 28. Qxc7 Rxe1+ 29. Nxe1 Qf5 30. Rf3 Nf4 31. Nd3 Nxh3+ 32.
Kh2 Nf4 33. Nxf4 1-0

[Event "Early-Titled-Tuesday-Blitz-May-14-2024"]
[Site "Chess.com"]
[Date "2024.05.14"]
[Round "4"]
[White "Anton_Demchenko"]
[Black "Moon_stone123"]
[Result "1-0"]
[WhiteElo "2862"]
[BlackElo "2617"]
[TimeControl "180+1"]
[EndTime "8:40:45 PDT"]
[Termination "Anton_Demchenko won on time"]

1. e4 c6 2. Nc3 d5 3. Nf3 Bg4 4. h3 Bxf3 5. gxf3 e5 6. d4 dxe4 7. Nxe4 exd4 8. Bc4 Nf6 9. Ng5 Nd5 10. Qxd4 h6 11. Ne4 f6 12. Bd2 Bb4 13. O-O-O Bxd2+ 14. Qxd2 Na6 15. Rhf1 O-O 16. Rg1 Kh8 17. Bxa6 bxa6 18. c4 Ne7 19. Qd7 Qe8 20. Qxe8 Rfxe8 21. Rd7 Nf5 22.
Ng3 Re7 23. Rgd1 Rxd7 24. Rxd7 Nh4 25. f4 Ng2 26. f5 Nf4 27. h4 Kh7 28. Rd4 1-0

[Event "Early-Titled-Tuesday-Blitz-May-14-2024"]
[Site "Chess.com"]
[Date "2024.05.14"]
[Round "4"]
[White "Iskusnyh"]
[Black "MrLion3000"]
[Result "0-1"]
[WhiteElo "2582"]
[BlackElo "2768"]
[TimeControl "180+1"]
[EndTime "8:40:45 PDT"]
[Termination "MrLion3000 won on time"]

1. d4 Nf6 2. c4 e6 3. g3 d5 4. Bg2 Bb4+ 5. Nd2 O-O 6. Nf3 dxc4 7. Qc2 b5 8. a4 Bb7 9. axb5 c5 10. dxc5 Bxc5 11. Qxc4 Nbd7 12. O-O Rc8 13. Qh4 Qb6 14. Nb3 Bxf2+ 15. Rxf2 Ne4 16. e3 Rxc1+ 17. Nxc1 Qxe3 18. Nd3 Qxd3 19. Ng5 Nxf2 20. Bxb7 h6 21. Kxf2 Qd2+ 22. Kg1 hxg5 23. Qa4 Nc5 24. Qxa7 Qxb2 25. Bc6 Nb3 26. Rf1 Nd4 27. Be8 Nf5 28. Bc6 Rd8 29. Qf2 Rd2 30.
Qf3 g4 0-1

[Event "Early-Titled-Tuesday-Blitz-May-14-2024"]
[Site "Chess.com"]
[Date "2024.05.14"]
[Round "4"]
[White "Lucky_Puncher"]
[Black "DenisQ"]
[Result "0-1"]
[WhiteElo "2555"]
[BlackElo "2723"]
[TimeControl "180+1"]
[EndTime "8:40:45 PDT"]
[Termination "DenisQ won by resignation"]

1. d4 d5 2. c4 c6 3. Nc3 Nf6 4. Nf3 e6 5. Bg5 h6 6. Bh4 dxc4 7. a4 Bb4 8. Qc2 Qa5 9. Bxf6 gxf6 10. e3 b5 11. Be2 a6 12. O-O Qb6 13. b3 cxb3 14.
Qxb3 Bxc3 15. Qxc3 Bb7 16. Nd2 Nd7 17. Rfc1 O-O 18.
Bf3 Rac8 19. Nb3 Rfd8 20. Nc5 Ba8 21. h3 Kg7 22. Ne4 Qb8 23. Qb4 c5 24. dxc5 Ne5 25. Be2 a5 26. Qb1 Bxe4 27. Qxe4 b4 28. f4 Ng6 29. f5 exf5 30. Qxf5 Qe5 31. Qf3 Rxc5 32. Rf1 Rd2 33. Rae1 Rcc2 34. Rf2 b3 35. Qb7 b2 36. Bc4 Qe7 37. Rxd2 Qxb7 0-1

[Event "Early-Titled-Tuesday-Blitz-May-14-2024"]
[Site "Chess.com"]
[Date "2024.05.14"]
[Round "4"]
[White "gmcorrales"]
[Black "maciek_92"]
[Result "0-1"]
[WhiteElo "2943"]
[BlackElo "2816"]
[TimeControl "180+1"]
[EndTime "8:40:47 PDT"]
[Termination "maciek_92 won by resignation"]

1. e4 c5 2. Nf3 e6 3. d4 cxd4 4. Nxd4 Nc6 5. Nc3 a6 6. Be2 Qc7 7. O-O Nf6 8. a4 h5 9. Nf3 Bc5 10. g3 d6 11. Kg2 Ne5 12. a5 Bd7 13. h4 Bc6 14. Ng5 d5 15. f4 Neg4 16. Bf3 O-O-O 17. Qe2 dxe4 18. Ngxe4 Nxe4 19. Nxe4 Be7 20. Be3 Bb5 21. c4 Bxc4 22. Qe1 Bxf1+ 23. Kxf1 Nh2+ 24. Kg2 Qc2+ 25.
Nf2 Nxf3 26. Kxf3 Qc6+ 27. Ke2 Kb8 28. Rc1 Qb5+ 29. Kf3 Bb4 30. Qg1 Qd5+ 31. Ke2 Qb5+ 32. Kf3 Qd5+ 33. Ke2 Rc8 34. Rd1 Qb5+ 35. Nd3 Rc2+ 36.
Kf1 Rd8 37. Ba7+ Ka8 38. Qe3 Bd2 39. Qe2 Qxd3 40. Bb6 Qxe2+ 41. Kxe2 Bxa5+ 42. Rd2 Rdxd2+ 0-1

[Event "Early-Titled-Tuesday-Blitz-May-14-2024"]
[Site "Chess.com"]
[Date "2024.05.14"]
[Round "4"]
[White "ValeriyGrinev"]
[Black "twitchTriniCupid"]
[Result "1-0"]
[WhiteElo "2603"]
[BlackElo "2418"]
[TimeControl "180+1"]
[EndTime "8:40:47 PDT"]
[Termination "ValeriyGrinev won by resignation"]

1. d4 Nf6 2. c4 e6 3. Nf3 Bb4+ 4.
Nbd2 d5 5. Qc2 O-O 6. g3 Nc6 7. Bg2 Qe7 8. O-O Rd8 9. Rd1 a5 10. b3 Bxd2 11. Bxd2 Ne4 12. Bf4 Nb4 13. Qb2 c6 14. a3 Na6 15. Rac1 Bd7 16. Ne5 f6 17. Nd3 g5 18. Be3 Nd6 19. Nc5 Nxc5 20. dxc5 Nf5 21. cxd5 Nxe3 22. fxe3 exd5 23. Qd4 Qe5 24. e4 Qxd4+ 25.
Rxd4 Be6 26. exd5 Bxd5 27. Rcd1 Re8 28. Bxd5+ cxd5 29. Kf2 Rac8 30. Rxd5 Rc7 31. b4 axb4 32. axb4 Ree7 33. Rd8+ Kf7 34. R1d6 Re6 35. R8d7+ Re7 36. Rd8 Re6 37. R6d7+ Re7 38. Rxc7 Rxc7 39. Ke3 Re7+ 40. Kd3 Ke6 41. e4 Rc7 42. Kd4 Re7 43. Rd6+ Kf7 44. b5 h5 45. c6 bxc6 46. bxc6 h4 47. gxh4 gxh4 48. Kc5 Re5+ 49. Kb6 Rxe4 50. c7 Rc4 51. Rc6 Rb4+ 52. Kc5 1-0

[Event "Early-Titled-Tuesday-Blitz-May-14-2024"]
[Site "Chess.com"]
[Date "2024.05.14"]
[Round "4"]
[White "patzer-reloaded"]
[Black "sergeikim"]
[Result "1/2-1/2"]
[WhiteElo "2399"]
[BlackElo "2635"]
[TimeControl "180+1"]
[EndTime "8:40:47 PDT"]
[Termination "Game drawn by repetition"]

1. d3 Nf6 2. Nf3 g6 3. g3 Bg7 4.
Bg2 O-O 5. O-O d5 6. c4 c6 7. cxd5 Nxd5 8. Nc3 Nxc3 9. bxc3 Bxc3 10. Rb1 Bg7 11.
h4 Nd7 12. h5 Nf6 13. h6 Bh8 14.
Bb2 Be6 15. Bxf6 Bxf6 16. Rxb7 Bxa2 17. Qa4 Bd5 18. Rxa7 Rxa7 19. Qxa7 Qa8 20. Qxa8 Rxa8 21. e4 Be6 22. e5 Bh8 23. d4 f6 24. exf6 Bxf6 25.
Ne5 Bxe5 26. dxe5 Rc8 27. Rc1 c5 28. f4 Kf7 29. Kf2 c4 30. Rc3 Rb8 31. Ke3 Rb1 32.
Kd4 Rd1+ 33. Kc5 Rd3 34. Kb4 Rd2 35. Bf1 Rh2 36. Bxc4 Rxh6 37. Kc5 Rh3 38. Bxe6+ Kxe6 39. Kd4 h5 40. Ke4 Kf7 41. f5 gxf5+ 42. Kxf5 h4 43. Kg4 Rxg3+ 44. Rxg3 hxg3 45. Kxg3 Kg6 46. Kf4 e6 47. Kg4 Kh6 48. Kh4 Kg6 49. Kg4 Kh6 50. Kh4 Kg6 51. Kg4 1/2-1/2

[Event "Early-Titled-Tuesday-Blitz-May-14-2024"]
[Site "Chess.com"]
[Date "2024.05.14"]
[Round "4"]
[White "GeorgiosSouleidis"]
[Black "betta2004"]
[Result "0-1"]
[WhiteElo "2674"]
[BlackElo "2524"]
[TimeControl "180+1"]
[EndTime "8:40:49 PDT"]
[Termination "betta2004 won by resignation"]

1. e4 c5 2. Be2 g6 3. d3 Bg7 4.
f4 Nc6 5. Nf3 d6 6. O-O Nf6 7.
c3 O-O 8. Kh1 e5 9. fxe5 dxe5 10. Be3 b6 11. a3 Nh5 12. b4 Qe7 13. bxc5 bxc5 14. c4 Nd4 15. Nc3 Be6 16. g3 Rab8 17.
Ng5 Nf6 18. Nd5 Nxd5 19. cxd5 Bd7 20. Nf3 Rb2 21. Bxd4 cxd4 22. Nd2 Rfb8 23. Nc4 R2b3 24. Qd2 Rc3 25. Rfb1 Rb5 26. Rxb5 Bxb5 27. Rb1 Bxc4 28.
Rb8+ Bf8 29. dxc4 Kg7 30. a4 Qa3 31. Kg2 Bc5 32. Qg5 Bd6 33. Qd8 Rc2 34. Qg8+ Kh6 35. Qxf7 Rxe2+ 36. Kh3 Bxb8 37. Qf8+ Qxf8 0-1

[Event "Early-Titled-Tuesday-Blitz-May-14-2024"]
[Site "Chess.com"]
[Date "2024.05.14"]
[Round "4"]
[White "Aemulus20"]
[Black "FaustinoOro"]
[Result "1-0"]
[WhiteElo "2648"]
[BlackElo "2940"]
[TimeControl "180+1"]
[EndTime "8:40:51 PDT"]
[Termination "Aemulus20 won by checkmate"]

1. e4 e5 2. Nf3 Nc6 3. Bb5 a6 4.
Ba4 Nf6 5. O-O b5 6. Bb3 Bc5 7. c3 d6 8. d4 Bb6 9. h3 Bb7 10. Re1 O-O 11. Bg5 h6 12. Bxf6 Qxf6 13. Bd5 Rfe8 14. a4 Rab8 15. axb5 axb5 16. Na3 exd4 17. Nxb5 dxc3 18. Nxc3 Bc5 19. Qd2 Nb4 20. e5 dxe5 21. Ne4 Qb6 22. Bxb7 Rxb7 23. Nxc5 Qxc5 24. Rac1 Qb5 25. Re3 Na6 26. Rce1 f6 27. b3 Rb6 28. Rd3 Nc5 29. Rd8 Nxb3 30. Rxe8+ Qxe8 31. Qd5+ Qf7 32. Qd8+ Kh7 33. Rb1 Qg6 34. Rb2 Nd4 35. Nxd4 Rxb2 36.
Ne6 Qf5 37. Qe7 Kg8 38. Qxg7# 1-0

[Event "Early-Titled-Tuesday-Blitz-May-14-2024"]
[Site "Chess.com"]
[Date "2024.05.14"]
[Round "4"]
[White "toninhojit"]
[Black "monomita"]
[Result "0-1"]
[WhiteElo "2567"]
[BlackElo "2754"]
[TimeControl "180+1"]
[EndTime "8:40:51 PDT"]
[Termination "monomita won by resignation"]

1. d4 Nf6 2. c4 e6 3. Nf3 d5 4.
Nc3 dxc4 5. e4 b5 6. e5 Nfd7 7.
Nxb5 Nb6 8. Be2 Be7 9. O-O O-O 10. Be3 Nc6 11. Rc1 Ba6 12. Na3 Bxa3 13. bxa3 Qd5 14. Qc2 h6 15. Rfd1 Rad8 16. Ne1 Qa5 17. Bf3 Ne7 18.
Qe4 Nf5 19. Nc2 Nd5 20. Bd2 c3 21. Be1 Qa4 22. g4 Nh4 23. Bh1 Ng6 24. f3 Ngf4 25. Bg3 Ne2+ 26. Kf2 Nxc1 27. Rxc1 Rb8 28. g5 hxg5 29.
f4 gxf4 30. Bxf4 Rb2 31. Bg5 Bb7 32. Qd3 Ba6 33. Qd1 Rfb8 34. Kg1 Rxa2 35. Bxd5 exd5 36. Nb4 Qxd1+ 37. Rxd1 Rxa3 38. Nxd5 c2 39. Re1 Rb1 40. Bc1 Raa1 0-1

[Event "Early-Titled-Tuesday-Blitz-May-14-2024"]
[Site "Chess.com"]
[Date "2024.05.14"]
[Round "4"]
[White "Shivananda1964"]
[Black "ansko1999"]
[Result "0-1"]
[WhiteElo "2397"]
[BlackElo "2644"]
[TimeControl "180+1"]
[EndTime "8:40:51 PDT"]
[Termination "ansko1999 won on time"]

1. e4 c5 2. Nf3 Nf6 3. e5 Nd5 4.
Nc3 e6 5. g3 Nc6 6. Bg2 Qc7 7.
O-O Nxc3 8. dxc3 Nxe5 9. Nxe5 Qxe5 10. Bf4 Qf6 11. Re1 Qd8 12. h4 Be7 13. c4 O-O 14. Qd3 d6 15. Rad1 e5 16. Bc1 Bg4 17. Bxb7 Bxd1 18. Bxa8 Bxc2 19. Qxc2 Qxa8 20. b3 f5 21. h5 Qf3 22. Qd1 Qxd1 23. Rxd1 Kf7 24. Kg2 Ke6 25. Kf3 e4+ 26. Ke2 Bf6 27. Be3 Be5 28. Rh1 Rb8 29.
Rd1 a5 30. Rh1 a4 31. Rb1 axb3 32. Rxb3 Ra8 33. a3 Ra4 34. h6 gxh6 35. Bxh6 Rxc4 36. Rb7 Rc2+ 37. Ke1 Ra2 0-1

[Event "Early-Titled-Tuesday-Blitz-May-14-2024"]
[Site "Chess.com"]
[Date "2024.05.14"]
[Round "4"]
[White "Dacean99"]
[Black "IvanMorovic"]
[Result "0-1"]
[WhiteElo "2598"]
[BlackElo "2569"]
[TimeControl "180+1"]
[EndTime "8:40:51 PDT"]
[Termination "IvanMorovic won by checkmate"]

1. e4 Nf6 2. e5 Nd5 3. Nc3 e6 4. Nxd5 exd5 5. c4 dxc4 6. Bxc4 d5 7. exd6 Bxd6 8. Nf3 O-O 9. O-O Nc6 10. a3 Bg4 11. h3 Bh5 12. d3 Re8 13. Qb3 Qd7 14. Ng5 Na5 15. Qb5 Qxb5 16. Bxb5 Re5 17. Ba4 Be2 18.
Re1 Bxd3 19. Rd1 Bg6 20. b4 Nc6 21. Bf4 Re2 22. Bxd6 cxd6 23. Bxc6 bxc6 24. Rxd6 h6 25. Nf3 Be4 26. Nd4 Rd2 27. Nf5 Rxd6 28. Nxd6 Bd5 29. Rc1 Kf8 30. Nb7 Re8 31. Na5 Re6 32. Rc5 a6 33. a4 Rg6 34. g3 Re6 35. Kf1 Re5 36.
Nxc6 Rf5 37. g4 Rf6 38. b5 axb5 39. axb5 Bf3 40. Ne5 Ke7 41. Rc7+ Kd6 42. Nxf3 Kxc7 43. Ne5 Rf4 44. Ke2 Re4+ 45. Kd3 Rxe5 46. Kc4 Kb6 47.
f4 Rxb5 48. h4 Kc6 49. g5 hxg5 50. hxg5 g6 51. Kd4 Rf5 52. Ke4 Kc5 53. Ke3 Kd5 54. Kf3 Kd4 55. Kg4 Ke4 56. Kh4 Rxf4+ 57. Kg3 Ke3 58.
Kh3 Rf3+ 59. Kg4 Kf2 60. Kh4 Rf4+ 61. Kh3 Kf3 62. Kh2 Rh4+ 63. Kg1 Rh5 64. Kf1 Rh1# 0-1

[Event "Early-Titled-Tuesday-Blitz-May-14-2024"]
[Site "Chess.com"]
[Date "2024.05.14"]
[Round "4"]
[White "chesslh93"]
[Black "PattyCastillo"]
[Result "1-0"]
[WhiteElo "2338"]
[BlackElo "2067"]
[TimeControl "180+1"]
[EndTime "8:40:52 PDT"]
[Termination "chesslh93 won on time"]

1. e4 c5 2. Nf3 d6 3. d4 cxd4 4.
Nxd4 Nf6 5. Nc3 a6 6. Be2 e5 7.
Nb3 Be7 8. O-O Be6 9. Be3 Nbd7 10. Qd2 b5 11. f3 b4 12. Nd5 Bxd5 13. exd5 Nb6 14. Qxb4 Nbxd5 15. Qa4+ Kf8 16. Bf2 Nf4 17. Rfe1 Qc7 18. c3 g6 19. Rad1 Kg7 20. Bf1 Rhb8 21. g3 Ne6 22. Qc4 Qb7 23. Bg2 Rc8 24. Qe2 Qb5 25.
Qxb5 axb5 26. a3 h5 27. f4 exf4 28. Bxa8 Rxa8 29. gxf4 Nxf4 30. Rxe7 Nh3+ 31. Kg2 Nxf2 32. Kxf2 Ng4+ 33. Kg2 Ra4 34. h3 1-0

[Event "Early-Titled-Tuesday-Blitz-May-14-2024"]
[Site "Chess.com"]
[Date "2024.05.14"]
[Round "4"]
[White "GMG"]
[Black "ChainedDowntohell"]
[Result "1-0"]
[WhiteElo "2776"]
[BlackElo "2589"]
[TimeControl "180+1"]
[EndTime "8:40:53 PDT"]
[Termination "GMG won by resignation"]

1. Nf3 c5 2. c4 Nc6 3. Nc3 g6 4.
e3 Nf6 5. d4 cxd4 6. exd4 d5 7.
cxd5 Nxd5 8. Bc4 Nxc3 9. bxc3 Bg7 10. O-O O-O 11. Re1 Qc7 12. Ba3 Rd8 13. Bxf7+ Kxf7 14. Qb3+ Kf6 15. Ne5 Be6 16. Qd1 Nxe5 17. Rxe5 Kf7 18. Qf3+ Bf5 19. Rxe7+ Qxe7 20. Bxe7 Kxe7 21. Re1+ Kd6 22.
Qxb7 Re8 23. Re3 Bh6 24. Qa6+ Kd7 25. Qb5+ Kd6 26. Rxe8 Rxe8 27. Qxe8 Be6 28. Qd8+ Kc6 29. c4 Bxc4 30. Qc8+ 1-0

[Event "Early-Titled-Tuesday-Blitz-May-14-2024"]
[Site "Chess.com"]
[Date "2024.05.14"]
[Round "4"]
[White "Iball95"]
[Black "Let_it_be_1"]
[Result "1-0"]
[WhiteElo "2924"]
[BlackElo "2631"]
[TimeControl "180+1"]
[EndTime "8:40:54 PDT"]
[Termination "Iball95 won by resignation"]

1. e4 e6 2. d4 d5 3. Nc3 Nf6 4. Bd3 c5 5. Nf3 Nc6 6. exd5 Nxd5 7. Nxd5 Qxd5 8. dxc5 Bxc5 9. O-O e5 10. Nxe5 Be6 11.
Nxc6 Qxc6 12. Qh5 g6 13. Qh4 O-O 14. Bh6 Rfd8 15. Rae1 Bd4 16. b3 Bc3 17. Re3 Rd4 18.
Be4 Bf5 19. Bxc6 Rxh4 20. Bxb7 Rb8 21. Rxc3 Rxh6 22. Bf3 g5 23. h3 Rd6 24. Rc5 Bg6 25.
Rxg5 Rd2 26. Be4 Re8 27. Bxg6 hxg6 28. Rc5 Ree2 29. Rc7 a5 30. Rc5 a4 31. bxa4 Rxc2 32. Rxc2 Rxc2 33. Rb1 Rxa2 34. Rb4 Kg7 35. h4 f5 36. g3 Kh6 37. Rf4 Kh5 38. Kf1 Rb2 39. Ke1 Ra2 40. Kd1 Rb2 41. Kc1 Re2 42. Kb1 Rd2 43.
a5 Rd6 44. Ra4 Ra6 45. Kc2 g5 46. hxg5 Kxg5 47. Kb3 1-0

[Event "Early-Titled-Tuesday-Blitz-May-14-2024"]
[Site "Chess.com"]
[Date "2024.05.14"]
[Round "4"]
[White "emiliocordova"]
[Black "amanjazu"]
[Result "1-0"]
[WhiteElo "2894"]
[BlackElo "2532"]
[TimeControl "180+1"]
[EndTime "8:40:54 PDT"]
[Termination "emiliocordova won on time"]

1. d4 Nf6 2. Bg5 Ne4 3. h4 Nxg5 4. hxg5 e5 5. g6 Qf6 6. Rxh7 Rg8 7. gxf7+ Qxf7 8. e3 Nc6 9. Nc3 d5 10. dxe5 Be6 11.
Nf3 Bb4 12. Ng5 Qg6 13. f4 O-O-O 14. Bd3 Bf5 15. g4 Bxd3 16. Qxd3 Qxd3 17. cxd3 d4 18.
exd4 Nxd4 19. O-O-O Bxc3 20. bxc3 Ne2+ 21. Kc2 Nxf4 22.
d4 c5 23. Rd2 cxd4 24. Rxd4 Rxd4 25. cxd4 Kd7 26. Kd2 Kc6 27. Ke3 Nd5+ 28. Kd3 b5 29. a3 a5 30. Ne6 g5 31. Ra7 a4 32. Ra6+ Kb7 33. Nc5+ Kc7 34. Rd6 Nf4+ 35. Ke4 Ra8 36. Na6+ Kb7 37. Nb4 Rf8 38. d5 Kc7 39. Na6+ Kc8 40.
e6 Ng6 41. Rc6+ Kd8 42. d6 Rf4+ 43. Ke3 Rf6 44. Nc5 1-0

[Event "Early-Titled-Tuesday-Blitz-May-14-2024"]
[Site "Chess.com"]
[Date "2024.05.14"]
[Round "4"]
[White "Nf3c5"]
[Black "Tigranpatagonian"]
[Result "1-0"]
[WhiteElo "2631"]
[BlackElo "2384"]
[TimeControl "180+1"]
[EndTime "8:40:55 PDT"]
[Termination "Nf3c5 won by resignation"]

1. e4 Nc6 2. Nf3 e6 3. d4 d5 4. Nbd2 Nf6 5. e5 Nd7 6. Be2 f6 7. exf6 Qxf6 8. Nf1 Bd6 9. Ne3 Nb6 10. O-O O-O 11. c4 dxc4 12. Nxc4 Nxc4 13. Bxc4 Kh8 14. Bb5 Bd7 15. Qe2 a6 16. Bxc6 Bxc6 17. Ne5 Bb5 18. Nc4 Qxd4 19. b3 Qxa1 20. Bb2 Qxf1+ 21. Kxf1 Rad8 22. h4 Bg3 23. Qg4 Rxf2+ 24. Kg1 Rxb2 25. Nxb2 Be5 26. Nc4 Bf6 27. h5 h6 28. Qxe6 Bc6 29.
Ne5 Re8 30. Nf7+ Kh7 31. Qf5+ Kg8 32. Qg6 Re1+ 33. Kf2 Re7 34. Nxh6+ Kf8 35. Nf5 Bd4+ 36. Nxd4 Rf7+ 37. Ke3 1-0